 Dungeon Crawl Stone Soup version 0.17.1-1-g73c8601 (webtiles) character file.

7040 henrikdeath the Thaumaturge (level 10, 0/75 HPs)
             Began as a Deep Elf Wizard on Dec 30, 2015.
             Was a Believer of Sif Muna.
             Slain by a shapeshifter (shapeshifter) (2 damage)
             ... on level 2 of the Lair of Beasts.
             The game lasted 01:30:08 (15106 turns).

henrikdeath the Thaumaturge (Deep Elf Wizard)      Turns: 15106, Time: 01:30:08

Health: 0/75       AC: 25    Str:  5    XL:     10   Next: 83%
Magic:  20/28      EV:  2    Int: 26    God:    Sif Muna [**....]
Gold:   516        SH:  0    Dex: 13    Spells: 10 memorised, 4 levels left

rFire  . . .     SeeInvis +     y - +0 dagger (freeze)
rCold  . . .     Clarity  .     (armour currently unavailable)
rNeg   + + +     SustAt   .     (no shield)
rPois  +         Gourm    .     (helmet currently unavailable)
rElec  .         Spirit   .     (cloak currently unavailable)
rCorr  .         Warding  .     (gloves currently unavailable)
rMut   .         NoTele   +     (boots currently unavailable)
MR     +....                    (no amulet)
Stlth  ++++......               s - ring of positive energy
                                r - ring of see invisible

@: tree-form, very slightly contaminated, repel missiles, somewhat resistant to
hostile enchantments, stealthy
A: (antennae 0), (slimy green scales 0), regeneration 1
a: Channel Energy, Forget Spell, Renounce Religion


You were on level 2 of the Lair of Beasts.
You worshipped Sif Muna.
Sif Muna was pleased with you.
You were hungry.
You were a tree.
You visited 3 branches of the dungeon, and saw 12 of its levels.

You collected 516 gold pieces.

Inventory:

Hand Weapons
 o - a +0 flail of protection
 y - a +0 dagger of freezing (weapon)
 D - a +4 quarterstaff of chaos
Armour
 b - a +2 hat (melded)
 m - a +1 cloak (melded)
 p - a +0 robe (melded)
 A - a +1 pair of boots (melded)
 L - a +0 cloak
Jewellery
 g - an uncursed amulet of stasis
 r - a ring of see invisible (left branch)
 s - a ring of positive energy (right branch)
 G - a +2 ring of strength {unknown}
Wands
 e - a wand of frost (0)
 t - a wand of polymorph (8)
 u - a wand of slowing (4)
 E - a wand of digging (17)
 I - a wand of flame (16)
Scrolls
 a - 2 scrolls of magic mapping {unknown}
 f - a scroll of fear
 h - a scroll of immolation {unknown}
 z - a scroll of fog {unknown}
 C - 2 scrolls of amnesia
 F - 3 scrolls of remove curse
 J - a scroll of recharging {unknown}
Potions
 l - a potion of berserk rage {unknown}
 n - a potion of curing
 v - a potion of magic
 x - a potion of cancellation
 H - a potion of might
Books
 c - a book of Minor Magic

   Spells                             Type                      Level
   a - Magic Dart                     Conjuration                  1
   b - Blink                          Translocation                2
   c - Call Imp                       Summoning                    2
   d - Repel Missiles                 Charms/Air                   2
   e - Slow                           Hexes                        2
   f - Conjure Flame                  Conjuration/Fire             3
   g - Mephitic Cloud                 Conjuration/Poison/Air       3
 k - a book of Hinderance

   Spells                             Type                      Level
   a - Confusing Touch                Hexes                        2
   b - Confuse                        Hexes                        3
   c - Gell's Gravitas                Hexes/Translocation          3
   d - Petrify                        Transmutation/Earth          4
   e - Metabolic Englaciation         Hexes/Ice                    5
 w - a book of Changes

   Spells                             Type                      Level
   a - Beastly Appendage              Transmutation                1
   b - Sticks to Snakes               Transmutation                2
   c - Spider Form                    Transmutation/Poison         3
   d - Ice Form                       Ice/Transmutation            4
   e - Blade Hands                    Transmutation                5
 M - a book of Dreams

   Spells                             Type                      Level
   a - Ensorcelled Hibernation        Hexes/Ice                    2
   b - Phase Shift                    Translocation                5
   c - Shadow Creatures               Summoning                    5
   d - Silence                        Hexes/Air                    5
   e - Darkness                       Hexes                        6
   f - Mass Confusion                 Hexes                        6
Comestibles
 d - 11 bread rations
 i - 3 meat rations
 j - 6 beef jerkies
 q - 3 fruits


   Skills:
 + Level 0.1 Fighting
 + Level 0.2 Short Blades
 - Level 4.8 Dodging
 - Level 4.0 Stealth
 + Level 12.8 Spellcasting
 + Level 9.1 Conjurations
 + Level 6.2 Hexes
 + Level 6.8 Charms
   Level 1.1 Summonings
 + Level 2.3 Translocations
 + Level 5.9 Fire Magic
 + Level 5.0 Air Magic
 + Level 5.3 Poison Magic
 - Level 1.8 Evocations


You had 4 spell levels left.
You knew the following spells:

 Your Spells              Type           Power        Failure   Level  Hunger
a - Magic Dart            Conj           ####         1%          1    None
b - Blink                 Tloc           N/A          1%          2    None
c - Slow                  Hex            #####...     1%          2    None
d - Repel Missiles        Chrm/Air       #####.       1%          2    None
e - Conjure Flame         Conj/Fire      ######..     1%          3    None
f - Mephitic Cloud        Conj/Pois/Air  ######..     1%          3    None
g - Gell's Gravitas       Hex/Tloc       #####.....   1%          3    None
h - Metabolic Englaciati  Hex/Ice        ####......   30%         5    ###....
i - Ice Form              Ice/Trmt       ###.....     38%         4    None
j - Phase Shift           Tloc           ####......   38%         5    ###....


Dungeon Overview and Level Annotations

Branches:
Dungeon (9/15)             Temple (1/1) D:4            Lair (2/8) D:8
    Orc: D:9-12

Altars:
Ashenzari
Cheibriados
Dithmenos
Fedhas
Gozag
Makhleb
Nemelex Xobeh
Qazlal
Ru
Sif Muna
Trog
Vehumet
Yredelemnul
The Shining One

Annotations:
Lair:2 Andry07's ghost, journeyman VSFi


Innate Abilities, Weirdness & Mutations

((You have a pair of small antennae on your head.))
((You are completely covered in slimy green scales (AC +4, rPois).))
Your natural rate of healing is unusually fast.


Message History

You cannot teleport because you are held in place by your roots.
Unknown command.
Casting: Blink
Confirm with . or Enter, or press ? or * to list all spells.
Okay, then.
Evoke which item? (* to show all) (? for menu, Esc to quit)
Zapping:
t - a wand of polymorph {zapped: 5} (will waste charges)
Press: ? - help, Shift-Dir - straight line, f/p - spiny frog
Aim: a spiny frog (lightly wounded, chance to defeat MR: 50%)
The spiny frog evaporates and reforms as a shapeshifter!
Evoking this partially-identified wand wasted a few charges.
The giant frog croaks.
The water moccasin bites you.
* * * LOW HITPOINT WARNING * * *
The water moccasin bites you but does no damage.
The spiny frog stings you but does no damage.
The iguana hisses menacingly.
The water moccasin bites you but does no damage.
The shapeshifter hits you.
You die...

#....)..§§§§#
.......§....##### #.
.............##.## ##..
.....##.....H....###....
.....##........l........
...# ##......F.........
.. ##....l§.§....... .
#......§FSp......
###..[..S♣.......
#..l...S..$.....
##.<...........P
#.....l........#
#....#.............#
..#...#.F.........r..
#.. ...............
#(............#....
#.P.......)>.##


You could see a hippogriff (confused), a spiny frog, a shapeshifter, 3 water
moccasins, 2 giant frogs, 4 iguanas and a porcupine.

Vanquished Creatures
  Pikel (D:4)
  A spiny frog (Lair:1)
  2 komodo dragons (Lair:1)
  Grinder (D:6)
  A wyvern (D:8)
  A hippogriff (D:8)
  Menkaure (D:6)
  3 wolves (Lair:1)
  4 water moccasins
  A necrophage (D:7)
  4 porcupines
  An ice beast (D:8)
  3 ogres
  4 phantoms
  3 orc warriors
  2 sky beasts (D:6)
  3 centaurs
  3 slaves (D:4)
  A crocodile (Lair:1)
  A big kobold (D:7)
  Blork the orc (D:4)
  A wyvern zombie (D:6)
  3 giant frogs
  5 scorpions
  5 killer bees (D:7)
  4 crimson imps
  A quasit (D:7)
  3 hounds
  3 giant frog skeletons
  A giant frog zombie (D:7)
  Crazy Yiuf (D:6)
  4 orc priests
  2 iguanas
  Jessica (D:3)
  Natasha (thrice) (D:2)
  7 orc wizards
  2 killer bee zombies
  5 worker ants
  A hound zombie (D:6)
  2 hound skeletons
  Robin (D:4)
  6 gnolls (D:4)
  9 adders
  6 river rats (Lair:1)
  A shadow imp (D:6)
  An ooze (D:1)
  An adder zombie (D:5)
  An adder skeleton (D:4)
  6 worms
  42 orcs
  A ball python (D:1)
  10 giant cockroaches
  21 goblins
  14 hobgoblins
  8 jackals
  2 quokkas
  7 bats
  6 giant geckos
  2 giant gecko skeletons
  5 giant newts
  A jackal zombie (D:6)
  20 kobolds
  5 rats
272 creatures vanquished.

Vanquished Creatures (others)
  An ogre (D:7)
  2 orcs (D:4)
  A hobgoblin (D:4)
4 creatures vanquished.

Grand Total: 276 creatures vanquished

Notes
Turn   | Place    | Note
--------------------------------------------------------------
     0 | D:1      | henrikdeath the Deep Elf Wizard began the quest for the Orb.
     0 | D:1      | Reached XP level 1. HP: 10/10 MP: 7/7
   244 | D:1      | Reached skill level 5 in Spellcasting
   624 | D:1      | Reached XP level 2. HP: 15/15 MP: 5/10
   628 | D:1      | Learned a level 2 spell: Blink
   631 | D:1      | Learned a level 2 spell: Slow
   634 | D:1      | Learned a level 2 spell: Repel Missiles
  1496 | D:2      | Reached XP level 3. HP: 19/19 MP: 8/12
  1501 | D:2      | Learned a level 3 spell: Conjure Flame
  1505 | D:2      | Learned a level 3 spell: Mephitic Cloud
  1513 | D:2      | Gained mutation: Your muscles are strong. (Str +2) [potion of mutation]
  1513 | D:2      | Gained mutation: You possess an exceptional clarity of mind. [potion of mutation]
  1513 | D:2      | Gained mutation: You are occasionally teleported next to monsters. [potion of mutation]
  1515 | D:2      | Gained mutation: Your muscles are very strong. (Str +4) [potion of mutation]
  1515 | D:2      | Gained mutation: You are partially covered in slimy green scales (AC +2). [potion of mutation]
  1515 | D:2      | Gained mutation: You are partially covered in iridescent scales (AC +4). [potion of mutation]
  1874 | D:2      | Noticed Natasha
  1893 | D:2      | Killed Natasha
  1893 | D:2      | Reached skill level 6 in Spellcasting
  1893 | D:2      | Reached skill level 1 in Hexes
  1952 | D:2      | Noticed Natasha
  1955 | D:2      | Killed Natasha
  1955 | D:2      | Reached XP level 4. HP: 24/24 MP: 9/14
  2318 | D:2      | Noticed Natasha
  2321 | D:2      | Killed Natasha
  2426 | D:4      | Noticed Blork the orc
  2539 | D:3      | Found a shadowy altar of Dithmenos.
  2726 | D:3      | Noticed Jessica
  2735 | D:3      | Killed Jessica
  2735 | D:3      | Reached skill level 1 in Air Magic
  2837 | D:3      | Reached XP level 5. HP: 28/28 MP: 12/15
  2857 | D:3      | Reached skill level 1 in Fire Magic
  3324 | D:4      | Reached skill level 7 in Spellcasting
  3395 | D:5      | Entered Level 5 of the Dungeon
  3494 | D:4      | Reached XP level 6. HP: 32/32 MP: 10/18
  3628 | D:4      | Reached skill level 9 in Spellcasting
  3628 | D:4      | Reached skill level 5 in Fire Magic
  3628 | D:4      | Reached skill level 5 in Poison Magic
  3628 | D:4      | Reached XP level 7. HP: 29/36 MP: 2/22
  3630 | D:4      | Lost mutation: You possess an exceptional clarity of mind. [potion of cure mutation]
  3630 | D:4      | Lost mutation: Your muscles are very strong. (Str +4) [potion of cure mutation]
  3630 | D:4      | Lost mutation: You are occasionally teleported next to monsters. [potion of cure mutation]
  3630 | D:4      | Lost mutation: You are partially covered in iridescent scales (AC +4). [potion of cure mutation]
  3630 | D:4      | Lost mutation: Your muscles are strong. (Str +2) [potion of cure mutation]
  3892 | D:4      | Noticed a slave
  3898 | D:4      | Noticed Pikel
  4023 | D:4      | Noticed a slave
  4028 | D:4      | Noticed a slave
  4029 | D:4      | Noticed a slave
  4054 | D:4      | Killed a slave
  4061 | D:4      | Killed a slave
  4399 | D:4      | Found a bloodstained altar of Trog.
  4512 | D:4      | Noticed Robin
  5007 | D:4      | Killed a slave
  5083 | D:4      | Killed Robin
  5427 | D:4      | Killed Pikel
  5427 | D:4      | Reached skill level 10 in Spellcasting
  5427 | D:4      | Reached XP level 8. HP: 13/41 MP: 0/24
  5740 | D:4      | Reached skill level 1 in Evocations
  5855 | D:4      | Found a staircase to the Ecumenical Temple.
  5863 | Temple   | Entered the Ecumenical Temple
  5877 | Temple   | Became a worshipper of Sif Muna the Loreminder
  5964 | D:5      | Found a burning altar of Makhleb.
  6078 | D:4      | Killed Blork the orc
  6260 | D:5      | Noticed an ogre
  6275 | D:5      | Killed an ogre
  6330 | D:6      | Noticed Grinder
  6333 | D:6      | Paralysed by Grinder for 7 turns
  6483 | D:6      | Killed Grinder
  6601 | D:5      | Noticed an ogre
  6610 | D:5      | Killed an ogre
  6816 | D:5      | Noticed a phantom
  6847 | D:5      | Killed a phantom
  6847 | D:5      | Reached XP level 9. HP: 35/45 MP: 9/25
  8485 | D:6      | Noticed Menkaure
  8796 | D:6      | Reached * piety under Sif Muna
  8848 | D:6      | Reached skill level 11 in Spellcasting
  9084 | D:6      | Gained mutation: You are robust (+10% HP). [mutagenic meat]
  9085 | D:6      | Gained mutation: You have a pair of small antennae on your head. [mutagenic meat]
  9086 | D:6      | Gained mutation: You are mostly covered in slimy green scales (AC +3). [mutagenic meat]
 10504 | D:7      | Found an opulent altar of Gozag.
 10827 | D:7      | Found a sacrificial altar of Ru.
 11052 | D:6      | Killed Menkaure
 11291 | D:6      | Lost mutation: You are robust (+10% HP). [mutagenic meat]
 11292 | D:6      | Gained mutation: You are completely covered in slimy green scales (AC +4, rPois). [mutagenic meat]
 11293 | D:6      | Gained mutation: Your natural rate of healing is unusually fast. [mutagenic meat]
 11301 | D:6      | Noticed Crazy Yiuf
 11311 | D:6      | Killed Crazy Yiuf
 11381 | D:6      | Got a steaming mace
 11644 | D:7      | Reached XP level 10. HP: 50/50 MP: 14/27
 11882 | D:7      | Found a blossoming altar of Fedhas.
 11882 | D:7      | Found a stormy altar of Qazlal.
 11882 | D:7      | Found a snail-covered altar of Cheibriados.
 11882 | D:7      | Found a glowing golden altar of the Shining One.
 11938 | D:7      | Reached ** piety under Sif Muna
 12086 | D:7      | Found a sparkling altar of Nemelex Xobeh.
 12086 | D:7      | Found a shattered altar of Ashenzari.
 12225 | D:8      | Reached skill level 12 in Spellcasting
 12390 | D:8      | Found a staircase to the Lair.
 13208 | D:8      | Found a basalt altar of Yredelemnul.
 13636 | Lair:1   | Entered Level 1 of the Lair of Beasts
 14093 | Lair:1   | Learned a level 3 spell: Gell's Gravitas
 14099 | Lair:1   | Learned a level 5 spell: Metabolic Englaciation
 14104 | Lair:1   | Learned a level 4 spell: Ice Form
 14275 | Lair:1   | Reached skill level 5 in Air Magic
 14439 | Lair:1   | Learned a level 5 spell: Phase Shift
 14448 | Lair:2   | Noticed Andry07's ghost (journeyman VSFi)
 15106 | Lair:2   | HP: 2/75 [water moccasin (3)]
 15106 | Lair:2   | Slain by a shapeshifter (shapeshifter)

Action                   |  1- 3 |  4- 6 |  7- 9 | 10-12 || total
-------------------------+-------+-------+-------+-------++-------
Melee: Unarmed           |     1 |       |       |       ||     1
       Flail             |       |       |     1 |     2 ||     3
       Dagger            |       |       |       |    30 ||    30
 Cast: Magic Dart        |    88 |   103 |   570 |   263 ||  1024
       Slow              |     4 |     1 |       |       ||     5
       Conjure Flame     |     3 |     5 |    65 |    31 ||   104
       Mephitic Cloud    |       |     8 |    20 |    11 ||    39
       Repel Missiles    |       |     1 |     2 |       ||     3
       Blink             |       |       |    12 |    15 ||    27
       Metabolic Englaci |       |       |       |     2 ||     2
Invok: Channel Energy    |       |       |       |     2 ||     2
Evoke: Wand              |       |       |    11 |     4 ||    15
  Use: Potion            |     3 |     5 |     3 |     3 ||    14
       Scroll            |     2 |     6 |     5 |     6 ||    19
  Eat: Chunk             |     2 |     6 |    23 |     6 ||    37
       Fruit             |       |       |     7 |     1 ||     8
       Beef jerky        |       |       |       |     2 ||     2
       Pizza             |       |       |       |     1 ||     1
